AoeStats
← Bamm Bash

Lombardia

509044374Analyzed
2v2 RM · 6d ago on Sep 25, 2026· 73m 21s· 4 players
Game mode
Random Map
Map size
Medium (4 player)
Population
200
Speed
Normal
Resources
Standard
Victory
Conquest
Starting age
Dark Age
Ending age
Imperial Age
RankedLock teamsTeams togetherTeam positionsShared explorationLock speedFull tech treeHidden civsTurbo modeCheats
Victory
Defeat
🇮🇩 Ethiopians · Indonesia
1097
+14
🇮🇩 Khitans · Indonesia
1091
+15
🇩🇪 Persians · Germany
1068
-15
🇩🇪 Teutons · Germany
1050
-14
Bamm Bash
11:33 Feudal Age
17:29 Castle Age
15:21 Double-Bit Axe
25:08 Horse Collar
27:23 Wheelbarrow
31:09 Imperial Age
29:21 Forging
29:49 Scale Barding Armor
30:33 Bloodlines
31:27 Iron Casting
32:11 Chain Barding Armor
31:49 Cavalier
33:23 Gold Mining
34:30 Plate Barding Armor
37:07 Blast Furnace
36:42 Paladin
49:18 Caravan
59:09 Scale Mail Armor
59:39 Conscription
60:38 Chain Mail Armor
63:47 Plate Mail Armor
64:17 Arson
64:18 Gambesons
64:34 Squires
68:46 Fletching
68:57 Padded Archer Armor
69:50 Pikeman
69:59 Elite Skirmisher
70:39 Bodkin Arrow
73:05 Leather Archer Armor
leonardodavinx
5:32 Loom
11:33 Feudal Age
18:19 Castle Age
18:22 Double-Bit Axe
20:50 Gold Mining
21:21 Horse Collar
25:01 Scale Barding Armor
25:56 Bow Saw
30:38 Heavy Plow
30:32 Pikeman
34:16 Imperial Age
32:26 Wheelbarrow
32:50 Elite Skirmisher
34:12 Chain Barding Armor
34:03 Forging
34:38 Gold Shaft Mining
34:23 Kamandaran
33:49 Crossbowman
35:57 Hand Cart
36:19 Conscription
36:07 Thumb Ring
36:44 Plate Barding Armor
36:45 Iron Casting
37:25 Ballistics
38:06 Chemistry
38:09 Elite War Elephant
38:48 Stone Mining
39:14 Caravan
44:29 Blast Furnace
43:20 Fletching
43:31 Padded Archer Armor
44:09 Crop Rotation
44:43 Two-Man Saw
51:20 Bodkin Arrow
51:41 Leather Archer Armor
51:39 Light Cavalry
59:28 Devotion
61:53 Bloodlines
63:39 Hussar
65:43 Ring Archer Armor
68:37 Husbandry
Queen of Hearts
5:24 Loom
12:08 Feudal Age
13:54 Forging
13:50 Scale Barding Armor
17:44 Double-Bit Axe
22:21 Castle Age
21:50 Domestication
22:01 Gold Mining
22:04 Stone Mining
23:17 Bow Saw
23:08 Pastoralism
23:49 Husbandry
27:59 Wheelbarrow
27:10 Town Watch
28:06 Stone Shaft Mining
28:59 Chain Barding Armor
29:46 Town Patrol
30:37 Iron Casting
31:37 Hand Cart
31:47 Scale Mail Armor
33:30 Treadmill Crane
33:46 Murder Holes
37:18 Imperial Age
35:45 Chain Mail Armor
37:14 Caravan
37:44 Heavy Camel Rider
41:54 Plate Barding Armor
50:43 Fervor
50:54 Sanctity
50:43 Devotion
51:30 Theocracy
51:55 Illumination
53:21 Faith
59:01 Elite Steppe Lancer
KEENION
10:28 Feudal Age
8:46 Loom
12:58 Double-Bit Axe
13:19 Horse Collar
15:36 Gold Mining
19:26 Castle Age
20:58 Fletching
22:03 Bow Saw
23:03 Gold Shaft Mining
23:49 Stone Mining
24:50 Bodkin Arrow
27:31 Stone Shaft Mining
27:36 Wheelbarrow
26:50 Town Watch
28:27 Crossbowman
29:29 Padded Archer Armor
30:16 Heavy Plow
31:19 Thumb Ring
31:36 Ballistics
31:12 Murder Holes
31:45 Town Patrol
36:17 Imperial Age
35:03 Squires
34:52 Arson
35:15 Squires
35:34 Leather Archer Armor
36:26 Arbalester
38:09 Chemistry
37:11 Bracer
37:41 Ring Archer Armor
37:36 Conscription
39:19 Two-Man Saw
41:57 Two-Man Saw
42:06 Halberdier
52:00 Forging
51:50 Scale Mail Armor
52:47 Elite Shotel Warrior
53:17 Arson
53:49 Husbandry
53:10 Light Cavalry
54:43 Hussar
Connection lost

Rejoining the realm…

Still unreachable

The connection could not be restored.

Session expired

The server has moved on; the page needs a fresh start.